 Dungeon Crawl Stone Soup version 0.30.0-5-g1a98f26d00 (webtiles) character file.

Game seed: 4346935293760658418

88 ChrisAssaf the Shield-Bearer (level 4, -1/44 HPs)
             Began as a Troll Fighter on May 8, 2023.
             Slain by an orc
             ... wielding a +0 short sword
              (5 damage)
             ... on level 4 of the Dungeon.
             The game lasted 00:02:52 (614 turns).

ChrisAssaf the Shield-Bearer (Troll Fighter)         Turns: 614, Time: 00:02:53

Health: -1/44      AC:  4    Str: 24    XL:     4   Next: 30%
Magic:  3/3        EV: 10    Int:  6    God:
Gold:   35         SH:  0    Dex:  9    Spells: 3/3 levels left

rFire   . .          .
                       - Unarmed
rCold   . . .        (no shield)
rNeg    . . .        a - +0 robe
rPois   +            (helmet restricted)
rElec   .            (no cloak)
rCorr   .            (gloves unavailable)
SInv    .            (boots unavailable)
Will    .....        (no amulet)
Stlth   +            d - ring of poison resistance
HPRegen 1.07/turn    (no ring)
MPRegen 0.08/turn

%: no passive effects
@: no status effects
A: large, unfitting armour, claws 3, regeneration 1, shaggy fur 1, tough skin 1
a: no special abilities


You were on level 4 of the Dungeon.
You visited 1 branch of the dungeon, and saw 4 of its levels.

You collected 59 gold pieces.
You spent 24 gold pieces at shops.

Inventory:

Armour
 a - a +0 robe (worn)
 b - a +0 kite shield
Jewellery
 d - a ring of poison resistance (left claw)
Wands
 g - a wand of flame (20)
Scrolls
 h - a scroll of amnesia
Potions
 c - a potion of might


   Skills:
 * Level 2.8 Fighting
 * Level 0.6 Armour
 * Level 2.9 Dodging
 * Level 0.3 Stealth
 * Level 3.2 Shields
 * Level 2.4 Unarmed Combat
 * Level 0.3 Evocations


You had 3 spell levels left.
You didn't know any spells.
Your spell library was empty.

Dungeon Overview and Level Annotations

Branches:
Dungeon (4/15)
 Temple: D:4-7

Altars:
Vehumet

Shops:
D:1 ?(


Innate Abilities, Weirdness & Mutations

You are too large for most types of armour.
You have claws for hands.
Your natural rate of healing is unusually fast.
You are covered in fur. (AC +1)
You have tough skin. (AC +1)


Message History

The orc hits you with a +0 hand axe. The orc hits you with a +0 dagger.
* * * LOW HITPOINT WARNING * * *
The orc wizard hits you but does no damage.
The orc hits you with a +0 short sword.
* * * LOW HITPOINT WARNING * * *
You scratch the orc.
You kill the orc!
The orc hits you but does no damage.
The orc wizard points at you and mumbles some strange words.
You resist with some effort. The orc barely misses you.
Unknown command.
The orc wizard attacks as you move away!
The orc wizard closely misses you. The orc barely misses you.
The orc wizard attacks as you move away!
The orc wizard hits you with a +0 dagger.
* * * LOW HITPOINT WARNING * * *
The orc attacks as you move away! The orc hits you with a +0 hand axe.
* * * LOW HITPOINT WARNING * * *
The orc wizard mumbles some strange words.
The orc wizard flickers and vanishes!
Deactivating autopickup; reactivate with Ctrl-A.
It was a potion of cancellation.
You feel magically purged. The orc hits you with a +0 hand axe.
* * * LOW HITPOINT WARNING * * *
The orc hits you with a +0 short sword.
* * * LOW HITPOINT WARNING * * *
The orc attacks as you move away! The orc hits you but does no damage.
The orc hits you with a +0 hand axe.
* * * LOW HITPOINT WARNING * * *
You hear some strange, mumbled words.
A puff of flame appears from out of thin air!
The puff of flame hits you.
* * * LOW HITPOINT WARNING * * *
Okay, then.
You closely miss the orc. The orc barely misses you.
The orc closely misses you.
You scratch the orc.
The orc is severely wounded.
The orc hits you with a +0 short sword.
You die...

#...##........#
##...#........#
#...#........#
#...#........#
#....#...).......#
...#.##........>.#
##.........#######
..>..#..#o..###
.####.....@....#
#...##o.....#
##...####....#
#... ##... #<$ ..
##. . ##


You could see 2 orcs.

Vanquished Creatures
  A scorpion (D:4)
  An adder (D:3)
  An ufetubus (D:4)
  A worm (D:4)
  A dart slug (D:1)
  An orc (D:4)
  3 ball pythons
  A giant cockroach (D:1)
  A bat (D:2)
  A kobold (D:3)
  2 rats
14 creatures vanquished.

Notes
Turn   | Place    | Note
-------+----------+-------------------------------------------
     0 | D:1      | ChrisAssaf the Troll Fighter began the quest for the Orb.
     0 | D:1      | Reached XP level 1. HP: 22/22 MP: 0/0
    79 | D:1      | Found Keiff's Magic Scroll Shoppe.
   222 | D:1      | Found Ruoxkuze's Weapon Emporium.
   285 | D:1      | Bought a scroll of identify for 24 gold pieces
   355 | D:2      | Reached XP level 2. HP: 29/29 MP: 1/1
   416 | D:3      | Reached skill level 3 in Shields
   440 | D:3      | Found a radiant altar of Vehumet.
   532 | D:4      | Noticed a scorpion
   544 | D:4      | Killed a scorpion
   545 | D:4      | Reached XP level 3. HP: 29/36 MP: 2/2
   545 | D:4      | Reached XP level 4. HP: 35/44 MP: 3/3
   611 | D:4      | HP: 1/44 [something/puff of flame (3)]
   614 | D:4      | Slain by an orc

Illustrated notes

Levels and vault maps discovered:
D:1:      dpeg_arrival_three_smaller_balls, layout_loops_corners, serial_shops,
          shop, shop, chequers_jeans, kennysheep_boxes
D:2:      layout_loops_cross, basic_altar, uniq_sigmund
D:3:      layout_basic, mainiacjoe_overflow_24_doors, serial_shops,
          nicolae_shop_window_shopping, feat_on_display
D:4:      layout_rooms, minmay_temple_entry_nine_rooms, serial_curves,
          eino_curves_04, eino_curves_04, eino_curves_02, eino_curves_02,
          uniq_ijyb

Skill      XL: |  1  2 |
---------------+-------+-----
Shields        | 3 |  3.2
Fighting       | |  2.8
Armour         | |  0.6
Dodging        | |  2.9
Stealth        | |  0.3
Unarmed Combat | |  2.4
Evocations     | |  0.3

Action                     |  1- 3 |  4- 6 || total
---------------------------+-------+-------++-------
  Melee: Unarmed           |    44 |    21 ||    65
    Use: Scroll            |     1 |       ||     1
         Potion            |       |     1 ||     1
 Armour: Robe              |    21 |     6 ||    27
  Dodge: Dodged            |    34 |    22 ||    56
